 Dungeon Crawl Stone Soup version 0.20.1-1-g8b1a95d (webtiles) character file.

392 KoningWillie the Covered (level 6, 0/53 HPs)
             Began as a Minotaur Fighter on Oct 28, 2017.
             Was an Initiate of Ashenzari.
             Killed from afar by an orc wizard (9 damage)
             ... with a puff of frost
             ... on level 3 of the Dungeon.
             The game lasted 00:06:07 (2583 turns).

KoningWillie the Covered (Minotaur Fighter)         Turns: 2583, Time: 00:06:08

Health: 0/53       AC:  8    Str: 23    XL:     6   Next: 50%
Magic:  5/5        EV: 10    Int:  5    God:    Ashenzari [......]
Gold:   106        SH:  0    Dex:  9    Spells: 5/5 levels left

rFire    . . .     SeeInvis .   l - +1 scythe
rCold    . . .     Gourm    .   (shield currently unavailable)
rNeg     . . .     Faith    .   b - +0 scale mail
rPois    .         Spirit   .   (helmet restricted)
rElec    .         Reflect  .   d - +0 cloak
rCorr    .         Harm     .   (no gloves)
MR       .....                  (no boots)
Stlth    ..........             g - amulet of regeneration
Regen    0.6/turn               (no ring)
MPRegen  0.1/turn               (no ring)

@: no status effects
A: retaliatory headbutt, horns 2
a: Curse Item, Renounce Religion


You were on level 3 of the Dungeon.
You worshipped Ashenzari.
Ashenzari was noncommittal.
You were not hungry.

You visited 1 branch of the dungeon, and saw 3 of its levels.

You collected 106 gold pieces.

Inventory:

Hand Weapons
 l - a +1 scythe (weapon)
Armour
 b - a +0 scale mail (worn)
 d - a +0 cloak (worn)
Jewellery
 g - an amulet of regeneration (around neck)
 j - an uncursed amulet of magic regeneration
Wands
 a - a wand of disintegration (15/24)
Scrolls
 h - 2 scrolls of identify
Potions
 e - a potion of mutation {unknown}
 m - a potion of lignification {unknown}
 n - 2 potions of heal wounds {unknown}
Comestibles
 f - 2 bread rations
 k - 2 meat rations


   Skills:
 + Level 4.6 Fighting
   Level 5.0 Long Blades
 + Level 1.3 Polearms
 + Level 5.4 Armour
 + Level 1.0 Dodging
   Level 5.2 Shields


You had 5 spell levels left.
You didn't know any spells.

Dungeon Overview and Level Annotations

Branches:
Dungeon (3/15)

Altars:
Ashenzari
Cheibriados
Makhleb
Sif Muna
Trog
Yredelemnul


Innate Abilities, Weirdness & Mutations

You reflexively headbutt those who attack you in melee.
You have a pair of horns on your head.


Message History

The orc barely misses you. You furiously retaliate!
You headbutt the orc.
The orc priest hits you but does no damage.
Something hits you but does no damage. The orc hits you with a hand axe.
* * * LOW HITPOINT WARNING * * *
You closely miss the orc priest.
The orc priest is lightly wounded.
Something hits you but does no damage.
The orc priest calls upon Beogh to heal the orc.
Something hits you but does no damage. The orc closely misses you.
Something hits you but does no damage. The orc priest barely misses you.
You slash the orc priest! You headbutt the orc priest.
You kill the orc priest!
The bat hits you but does no damage. x2; Something hits you but does no damage.
The orc hits you but does no damage. Something hits you.
* * * LOW HITPOINT WARNING * * *
The bat barely misses you.
You hear some strange, mumbled words.
A puff of frost appears from out of thin air!
The puff of frost hits you!
You die...

##..##. ..#
.###..##.
..#
.........
#.#
##.#####.
#.# #.
##...## #.
#.#.#.# ##
#b{o# # #@#
##### #.#
#.... #.#
#.... #.#
#..## #.###
#..#. #.<.#
######..#.
###.#
##...##..#.
#.#
##.###.#....
#.###.##
##.###.


You could see an orc and a bat.

Vanquished Creatures
  Sigmund (D:2)
  An orc priest (D:3)
  Crazy Yiuf (D:2)
  Ijyb (D:3)
  Natasha (D:2)
  Robin (D:2)
  4 adders
  2 dart slugs
  2 worms (D:2)
  A leopard gecko (D:1)
  2 orcs (D:3)
  5 giant cockroaches
  8 hobgoblins
  7 jackals
  6 bats
  2 frilled lizards
  16 goblins
  7 kobolds
  12 rats
80 creatures vanquished.

Notes
Turn   | Place    | Note
-------+----------+-------------------------------------------
     0 | D:1      | KoningWillie the Minotaur Fighter began the quest for the Orb.
     0 | D:1      | Reached XP level 1. HP: 19/19 MP: 0/0
   194 | D:1      | Reached XP level 2. HP: 20/27 MP: 1/1
   620 | D:2      | Found a shattered altar of Ashenzari.
   621 | D:2      | Noticed Sigmund
   628 | D:2      | Killed Sigmund
   628 | D:2      | Reached skill level 5 in Shields
   628 | D:2      | Reached XP level 3. HP: 20/34 MP: 2/2
   628 | D:2      | Reached XP level 4. HP: 24/41 MP: 3/3
   628 | D:2      | Reached XP level 5. HP: 27/47 MP: 4/4
   636 | D:2      | Became a worshipper of Ashenzari the Shackled
   811 | D:2      | Noticed Robin
   823 | D:2      | Killed Robin
   914 | D:2      | Found a deep blue altar of Sif Muna.
  1035 | D:2      | Found a bloodstained altar of Trog.
  1037 | D:2      | Found a snail-covered altar of Cheibriados.
  1042 | D:2      | Noticed Natasha
  1047 | D:2      | Killed Natasha
  1047 | D:2      | Reached skill level 5 in Armour
  1283 | D:2      | Reached XP level 6. HP: 53/53 MP: 5/5
  1636 | D:2      | Found a runed door.
  1757 | D:2      | Found a basalt altar of Yredelemnul.
  1759 | D:2      | Found a burning altar of Makhleb.
  1863 | D:2      | Noticed Crazy Yiuf
  1865 | D:2      | Killed Crazy Yiuf
  1865 | D:2      | Reached skill level 5 in Long Blades
  1967 | D:3      | Noticed Ijyb
  1982 | D:3      | Killed Ijyb
  1982 | D:3      | Reached skill level 1 in Dodging
  2322 | D:3      | Reached skill level 1 in Polearms
  2583 | D:3      | Killed from afar by an orc wizard

Skill      XL: |  1  2  3  4  5  6 |
---------------+-------------------+-----
Shields        | 5 |  5.2
Armour         | 4 5 |  5.4
Fighting       | 4 |  4.6
Long Blades    | 4 5 |  5.0
Dodging        | 1 |  1.0
Polearms       | 1 |  1.3

Action                   |  1- 3 |  4- 6 || total
-------------------------+-------+-------++-------
Melee: Long sword        |    39 |    99 ||   138
       Headbutt          |     4 |    32 ||    36
       Scythe            |       |    33 ||    33
  Use: Scroll            |       |     2 ||     2
       Potion            |       |     1 ||     1
  Eat: Chunk             |       |     2 ||     2
       Meat ration       |       |     1 ||     1
Armor: Scale mail        |    20 |   101 ||   121
Dodge: Dodged            |    18 |    78 ||    96
Block: Shield            |    19 |    51 ||    70
       Rpst.: Long sword |     3 |    11 ||    14
